 Dungeon Crawl Stone Soup version 0.23.2-1-ga50397a6bc (webtiles) character file.

Game seed: 11409691724464842650

27 Banto the Chopper (level 2, -5/23 HPs)
             Began as a Demigod Wanderer on Apr 18, 2019.
             Slain by a kobold
             ... wielding a +0 short sword
              (6 damage)
             ... on level 2 of the Dungeon.
             The game lasted 00:01:14 (1272 turns).

Banto the Chopper (Demigod Wanderer)                Turns: 1272, Time: 00:01:14

Health: -5/23      AC:  2    Str: 15    XL:     2   Next: 72%
Magic:  2/5        EV: 11    Int: 15    God:
Gold:   68         SH:  0    Dex: 16    Spells: 2/3 levels left

rFire    . . .     SeeInvis .   o - +1 whip (freeze)
rCold    . . .     Gourm    .   (no shield)
rNeg     . . .     Faith    .   e - +0 robe
rPois    .         Spirit   .   (no helmet)
rElec    .         Reflect  .   (no cloak)
rCorr    .         Harm     .   (no gloves)
MR       .....                  (no boots)
Stlth    ++........             (no amulet)
HPRegen  0.07/turn              (no ring)
MPRegen  0.09/turn              (no ring)

@: very slightly contaminated
A: high mp 1
a: no special abilities


You were on level 2 of the Dungeon.
You were very hungry.

You visited 1 branch of the dungeon, and saw 2 of its levels.

You collected 68 gold pieces.

Inventory:

Hand Weapons
 a - a +2 blowgun
 o - a +1 whip of freezing (weapon)
Missiles
 b - 2 curare-tipped needles
 n - 91 stones (quivered)
Armour
 e - a +0 robe (worn)
Scrolls
 g - a scroll of immolation {unknown}
 h - 3 scrolls of identify {unknown}
 i - a scroll of teleportation {unknown}
 k - a scroll of remove curse {unknown}
 l - a scroll of enchant weapon {unknown}
Potions
 d - 3 potions of degeneration {unknown}
 j - 2 potions of curing {unknown}
 m - a potion of magic {unknown}
Comestibles
 f - 2 rations


   Skills:
 + Level 1.1 Fighting
   Level 3.6 Axes
 + Level 1.1 Throwing
 + Level 1.0 Armour
 + Level 0.4 Stealth
   Level 1.0 Shields
 + Level 1.0 Spellcasting
   Level 1.7 Conjurations


You had 2 spell levels left.
You knew the following spells:

 Your Spells              Type           Power        Failure   Level  Hunger
a - Sandblast             Erth           #.....       24%         1    ##.....

Your spell library contained the following spells:

 Spells                   Type           Power        Failure   Level  Hunger
 Stone Arrow              Conj/Erth      #.....       45%         3    ####...


Dungeon Overview and Level Annotations

Branches:
Dungeon (2/15)


Innate Abilities, Weirdness & Mutations

You have an increased reservoir of magic. (+10% MP)


Message History

The kobold hits you with a +0 short sword.
Casting: Sandblast (safe; 24% risk of failure)
Confirm with . or Enter, or press ? or * to list all spells.
Aiming: Sandblast (safe; 24% risk of failure)
Press: ? - help, Shift-Dir - straight line, f/p - kobold
Aim: a kobold, wielding a +0 short sword You miscast Sandblast.
You are very lightly contaminated with residual magic.
Motes of dust swirl before your eyes.
The kobold hits you with a +0 short sword.
* * * LOW HITPOINT WARNING * * *
Casting: Sandblast (safe; 24% risk of failure)
Confirm with . or Enter, or press ? or * to list all spells.
Aiming: Sandblast (safe; 24% risk of failure)
Press: ? - help, Shift-Dir - straight line, f/p - kobold
Aim: a kobold, wielding a +0 short sword You miscast Sandblast.
The floor shifts beneath you alarmingly!
The kobold hits you with a +0 short sword.
You die...

#...#<..#
#.#.....#
#.###.#.#
#.#[....#.#
#.....###.#
#####.#...#.##
#>........
#.#.....##
#@#####+##
#K#.......
####g).......
#............
#............
#............
#............
#.........!..
#.........$..


You could see a hobgoblin and a kobold.

Vanquished Creatures
  A dart slug (D:1)
  A leopard gecko (D:1)
  2 giant cockroaches (D:1)
  3 hobgoblins (D:1)
  2 bats (D:1)
  A frilled lizard (D:1)
  5 goblins
  4 kobolds (D:1)
  4 rats (D:1)
23 creatures vanquished.

Notes
Turn   | Place    | Note
-------+----------+-------------------------------------------
     0 | D:1      | Banto the Demigod Wanderer began the quest for the Orb.
     0 | D:1      | Banto set off with the following items: a +2 blowgun, 2
                  | curare-tipped needles, a +0 hand axe, a +0 robe, a ration;
                  | and the following spell memorised: Sandblast; and the
                  | following spells available to memorise: Stone Arrow
     0 | D:1      | Reached XP level 1. HP: 16/16 MP: 4/4
    57 | D:1      | Reached skill level 3 in Axes
   280 | D:1      | Reached XP level 2. HP: 21/23 MP: 5/5
  1271 | D:2      | HP: 1/23 [kobold/+0 short sword (6)]
  1272 | D:2      | Slain by a kobold

Skill      XL: |  1 |
---------------+----+-----
Axes           | 3 |  3.6
Fighting       | |  1.1
Throwing       | |  1.1
Armour         | |  1.0
Stealth        | |  0.4
Shields        | |  1.0
Spellcasting   | |  1.0
Conjurations   | |  1.7

Action                   || total
-------------------------++-------
Melee: Hand axe          ||    47
       Whip              ||     3
 Fire: Blowgun           ||     2
 Cast: Sandblast         ||     1
 Stab: Sleeping          ||     2
Armor: Robe              ||    11
Dodge: Dodged            ||    35
